 Dungeon Crawl Stone Soup version 0.18.1-48-g4cf74bf (webtiles) character file.

87 MistressOfTheDunes the Insei (level 4, -3/35 HPs)
             Began as a Mummy Monk on July 15, 2016.
             Slain by Grinder (6 damage)
             ... on level 3 of the Dungeon.
             The game lasted 00:02:02 (2874 turns).

MistressOfTheDunes the Insei (Mummy Monk)           Turns: 2874, Time: 00:02:03

Health: -3/35      AC:  1    Str: 14    XL:     4   Next: 28%
Magic:  4/4        EV: 13    Int:  9    God:
Gold:   40         SH:  0    Dex: 15    Spells: 0 memorised, 3 levels left

rFire  x . .     SeeInvis .       - Unarmed
rCold  + . .     Gourm    .     (no armour)
rNeg   + + +     Faith    .     (no shield)
rPois  ∞         Spirit   .     (no helmet)
rElec  .         Dismiss  .     h - +0 cloak (curse)
rCorr  .         Reflect  .     (no gloves)
SustAt .         Harm     .     (no boots)
MR     .....                    (no amulet)
Stlth  ++........               (no ring)
                                (no ring)

@: not resistant to hostile enchantments, unstealthy
A: no food or potions, fire vulnerability, cold resistance 1, negative energy
resistance 3, torment resistance, unbreathing
a: no special abilities


You were on level 3 of the Dungeon.
You were not hungry.

You visited 1 branch of the dungeon, and saw 3 of its levels.

You collected 40 gold pieces.


Innate Abilities, Weirdness & Mutations

You do not eat or drink.
Your flesh is vulnerable to fire.
You are immune to poison.
Your flesh is cold resistant.
You are immune to negative energy.
You are immune to unholy pain and torment.
You can survive without breathing.


   Skills:
 - Level 3.0 Fighting
 - Level 2.4 Dodging
 - Level 1.5 Stealth
 + Level 4.8 Unarmed Combat


You had 3 spell levels left.
You didn't know any spells.

Inventory:

Armour
 h - a cursed +0 cloak (worn)
Scrolls
 b - 2 scrolls of identify {unknown}
 c - 2 scrolls of enchant weapon {unknown}
 d - a scroll of blinking {unknown}
 e - a scroll of remove curse {unknown}
 f - a scroll of fear {unknown}
 g - a scroll of fog {unknown}

Dungeon Overview and Level Annotations

Branches:
Dungeon (3/15)

Altars:

Annotations:
D:3 Grinder

▒.▒ .....▒▒▒÷. ▒.▒
▒.▒.▒▒▒▒.. ▒.▒
▒.▒.▒.....
▒†▒▒▒▒▒▒▒▒▒.▒.......
▒............▒▒.....
▒▒▒.▒▒▒▒▒▒▒.........
▒.▒ ▒▒.▒▒..... ▒5▒
▒.▒▒....! ▒M▒
▒▒▒▒.▒▒..!..
▒.▒▒▒▒▒..........▒
▒......<▒▒.▒▒▒▒▒▒▒
▒.▒▒▒▒▒▒▒▒.▒
▒.▒▒▒▒▒▒▒▒.▒
▒..........▒
▒▒▒▒▒▒▒▒▒▒▒▒


You could see Grinder.


Message History

You pound Grinder into fine dust! You punch Grinder!
Grinder is moderately wounded!
Grinder completely misses you!
You pummel Grinder but do no damage!
Grinder is moderately wounded!
Grinder barely misses you!
You pummel Grinder like a punching bag!
Grinder is moderately wounded!
Grinder hits you! * * * don't die
* * * You pummel Grinder like a punching bag!
Grinder is heavily wounded!
Grinder hits you!!! * * * don't die
* * * You pulverise Grinder but do no damage!
Grinder is heavily wounded!
Grinder hits you! * * * don't die
* * * You squash Grinder but do no damage!
Grinder is heavily wounded!
Grinder gestures at you!
You are unaffected!
You squash Grinder like an ant!
Grinder is heavily wounded!
Grinder gestures at you! You resist with significant effort!
You squash Grinder like an ant!
Grinder is heavily wounded!
Grinder hits you! rip

Action                   |  1- 3 |  4- 6 || total
-------------------------+-------+-------++-------
Melee: Unarmed           |   126 |    48 ||   174
       Punch             |     3 |     1 ||     4
 Stab: Sleeping          |     5 |       ||     5
Armor: Robe              |    15 |       ||    15
       Skin              |     2 |     2 ||     4
Dodge: Dodged            |    78 |    23 ||   101

Vault maps used:
D:1:      nagdon_arrival_double_spiral
D:2:      first_bread, uniq_crazy_yiuf_cottage
D:3:      uniq_grinder

Notes
Turn   | Place    | Note
--------------------------------------------------------------
     0 | D:1      | MistressOfTheDunes the Mummy Monk began the quest for the Orb.
     0 | D:1      | Reached XP level 1. HP: 18/18 MP: 1/1
   329 | D:1      | Reached XP level 2. HP: 11/24 MP: 2/2
  1128 | D:2      | Reached skill level 4 in Unarmed Combat
  1408 | D:2      | Reached XP level 3. HP: 29/29 MP: 3/3
  1505 | D:2      | Noticed Crazy Yiuf
  1789 | D:2      | Killed Crazy Yiuf
  1808 | D:2      | woops
  2263 | D:3      | Reached XP level 4. HP: 11/35 MP: 4/4
  2583 | D:3      | Noticed Grinder
  2585 | D:3      | Paralysed by Grinder for 3 turns
  2870 | D:3      | HP: 3/35 [Grinder (9)]
  2874 | D:3      | Slain by Grinder

Vanquished Creatures
  Crazy Yiuf (D:2)
  2 adders
  3 giant geckos
  A bat (D:2)
  2 giant cockroaches (D:2)
  5 hobgoblins
  A ball python (D:2)
  3 giant newts
  6 goblins
  6 kobolds
  9 rats
39 creatures vanquished.

Vanquished Creatures (others)
  7 toadstools (D:1)
7 creatures vanquished.

Grand Total: 46 creatures vanquished
